[Event "9th Bangabandhu Team Mixed 2021"]
[Site "Dhaka"]
[Date "2021.04.04"]
[Round "1.2"]
[White "Hasan, Mostafa Razibul"]
[Black "Mohammad Minhaz Uddin"]
[Result "1/2-1/2"]
[ECO "E13"]
[WhiteElo "1862"]
[BlackElo "2281"]
[Annotator "RC"]
[PlyCount "136"]
[EventDate "2021.04.04"]
[EventType "team-tourn"]
[EventCountry "BAN"]
[SourceTitle "playchess.com"]
[Source "ChessBase"]
[SourceQuality "1"]
[TimeControl "1500+10"]

1. Nf3 Nf6 2. d4 e6 3. c4 b6 4. Nc3 Bb4 5. Bg5 Bb7 6. Qc2 h6 7. Bh4 g5 8. Bg3 Ne4 9. e3 Bxc3+ 10. bxc3 d6 11. d5 Nxg3 12. hxg3 e5 13. Qf5 Bc8 14. Qc2 Nd7 15. Be2 Nc5 16. O-O-O Qf6 17. Rdf1 Bf5 18. Qb2 O-O-O 19. Ne1 Bg6 20. f3 h5 21. e4 Qe7 22. Nd3 Nxd3+ 23. Bxd3 f6 24. Qb5 Be8 25. Qa6+ Kb8 26. Kd2 Qd7 27. Bc2 Qc8 28. Qa3 Bd7 29. Rb1 c5 30. Qb3 Qa6 31. a4 Qa5 32. Rh2 Rh6 33. Rbh1 Rdh8 34. g4 h4 35. Rh3 a6 36. Ke2 Kc7 37. Rb1 Rb8 38. Kf2 b5 39. axb5 axb5 40. Rhh1 Rhh8 41. Ra1 Qb6 42. Rhb1 Rb7 43. Kg1 Rhb8 44. Kh2 b4 45. Bd3 Kd8 46. Ra2 bxc3 47. Qxc3 Qxb1 48. Bxb1 Rxb1 49. Ra7 R1b4 50. Qa3 R4b7 51. Qa5+ Ke7 52. Rxb7 Rxb7 53. Qa8 Rb4 54. Qg8 Rxc4 55. Qg7+ Kd8 56. Qxf6+ Kc7 57. Qxg5 Ra4 58. Qe3 Ra8 59. Kh3 Rc8 60. Kxh4 c4 61. Kg5 Kd8 62. Qc3 Ke7 63. Kg6 Be8+ 64. Kg5 Bd7 65. f4 Rg8+ 66. Kh6 Rxg4 67. fxe5 Rh4+ 68. Kg5 Rg4+ 1/2-1/2

[Event "9th Bangabandhu Team Mixed 2021"]
[Site "Dhaka"]
[Date "2021.04.04"]
[Round "1.4"]
[White "Parveen, Tanima"]
[Black "Sultana, Sharmin Shirin"]
[Result "*"]
[ECO "C50"]
[WhiteElo "1984"]
[BlackElo "2006"]
[Annotator "RC"]
[PlyCount "34"]
[EventDate "2021.04.04"]
[EventType "team-tourn"]
[EventCountry "BAN"]
[SourceTitle "playchess.com"]
[Source "ChessBase"]
[SourceQuality "1"]
[TimeControl "1500+10"]

1. e4 e5 2. Nf3 Nc6 3. Bc4 Bc5 4. d3 Nf6 5. h3 d6 6. a3 a6 7. Nc3 h6 8. O-O Ba7 9. Nd5 O-O 10. Be3 Re8 11. Bxa7 Nxa7 12. Nh2 c6 13. Nxf6+ Qxf6 14. Qf3 Qxf3 15. Nxf3 Be6 16. Bxe6 Rxe6 17. c4 Rae8 *

[Event "9th Bangabandhu Team Mixed 2021"]
[Site "Dhaka"]
[Date "2021.04.04"]
[Round "1.4"]
[White "Afrin Jahan, Munia"]
[Black "Noshin, Anjum"]
[Result "0-1"]
[ECO "C50"]
[WhiteElo "1647"]
[BlackElo "1912"]
[Annotator "NA"]
[PlyCount "134"]
[EventDate "2021.04.04"]
[EventType "team-tourn"]
[EventCountry "BAN"]
[SourceTitle "playchess.com"]
[Source "ChessBase"]
[SourceQuality "1"]
[TimeControl "1500+10"]

1. e4 e5 2. Nf3 Nc6 3. Bc4 Bc5 4. d3 Nf6 5. h3 d6 6. a3 a6 7. Nc3 h6 8. O-O Ba7 9. Nd5 O-O 10. Be3 Re8 11. Bxa7 Nxa7 12. Nh2 c6 13. Nxf6+ Qxf6 14. Qf3 Qxf3 15. Nxf3 Be6 16. Bxe6 Rxe6 17. c4 Rae8 18. Nd2 d5 19. Nb3 Rd8 20. Rfd1 Re7 21. Kf1 Nc8 22. cxd5 cxd5 23. Rac1 Nb6 24. Ke2 Kh7 25. Na5 Red7 26. f3 f6 27. b3 Kg6 28. g4 Kg5 29. b4 Kh4 30. Nb3 Na4 31. exd5 Rxd5 32. Rd2 R8d7 33. Ke3 Kg5 34. Na5 Nb6 35. Nb3 Kg6 36. h4 h5 37. Nc5 Re7 38. Kf2 Rc7 39. Rcc2 Nd7 40. Nxd7 Rcxd7 41. Ke3 Rd4 42. Rc4 R4d6 43. d4 hxg4 44. fxg4 Kf7 45. Ke4 Rd5 46. Ke3 R5d6 47. h5 b5 48. Rc1 exd4+ 49. Ke4 Re7+ 50. Kf4 Re3 51. Rcd1 Rxa3 52. Rxd4 Re6 53. Rd7+ Re7 54. Rxe7+ Kxe7 55. Rd4 Ra4 56. Kf5 a5 57. Re4+ Kf7 58. bxa5 Rxa5 59. Rb4 Ke7 60. Kg6 Ra4 61. Rxa4 bxa4 62. Kxg7 a3 63. h6 a2 64. h7 a1=Q 65. h8=Q f5+ 66. Kh7 Qxh8+ 67. Kxh8 fxg4 0-1

[Event "9th Bangabandhu Team Mixed 2021"]
[Site "Dhaka"]
[Date "2021.04.04"]
[Round "1.5"]
[White "Sacchu, Afzal Hossain"]
[Black "Anata, Choudhury"]
[Result "0-1"]
[ECO "A04"]
[WhiteElo "2008"]
[BlackElo "2184"]
[Annotator "ChessBase"]
[PlyCount "87"]
[EventDate "2021.04.04"]
[EventType "team-tourn"]
[EventCountry "BAN"]
[SourceTitle "playchess.com"]
[Source "ChessBase"]
[SourceQuality "1"]
[TimeControl "1500+10"]

1. d3 c5 2. Nf3 Nc6 3. g3 g6 4. Bg2 Bg7 5. O-O d6 6. h3 e5 7. Nc3 Nge7 8. e4 O-O 9. Be3 Nd4 10. Kh2 f5 11. Bg5 Be6 12. Nxd4 cxd4 13. Ne2 Qd7 14. exf5 gxf5 15. c3 dxc3 16. Nxc3 Nc6 17. Qh5 Rae8 18. f4 Nd4 19. Rae1 Nc2 20. Re2 Nb4 21. Rd1 Nxa2 22. Nd5 a5 23. Rc2 Qf7 24. Qxf7+ Rxf7 25. fxe5 dxe5 26. Rc5 b6 27. Rc6 Nb4 28. Nxb4 axb4 29. Rxb6 Bf8 30. Re1 Bb3 31. Re2 Rc7 32. Bf6 Bc5 33. Rb7 Rxb7 34. Bxb7 Bd4 35. Bg5 Rb8 36. Ba6 Ra8 37. Bc4+ Bxc4 38. dxc4 Ra2 39. Bc1 b3 40. Kg2 Ra1 41. Be3 Rd1 42. Kf3 Rd3 43. c5 Bxc5 44. Kg2 0-1

[Event "9th Bangabandhu Team Mixed 2021"]
[Site "Dhaka"]
[Date "2021.04.04"]
[Round "1.8"]
[White "Jannatul, Ferdous"]
[Black "Wadifa, Ahmed"]
[Result "1-0"]
[ECO "B48"]
[WhiteElo "1778"]
[BlackElo "1595"]
[Annotator "NA"]
[PlyCount "58"]
[EventDate "2021.04.04"]
[EventType "team-tourn"]
[EventCountry "BAN"]
[SourceTitle "playchess.com"]
[Source "ChessBase"]
[SourceQuality "1"]
[TimeControl "1500+10"]

1. e4 c5 2. Nf3 e6 3. d4 cxd4 4. Nxd4 Nc6 5. a3 a6 6. Nc3 Qc7 7. Be3 Nf6 8. Bd3 b5 9. O-O Bb7 10. Kh1 Nxd4 11. Bxd4 Bc5 12. Bxc5 Qxc5 13. Qe2 d6 14. Rad1 O-O 15. f4 e5 16. f5 Rfe8 17. Rd2 b4 18. axb4 Qxb4 19. Bc4 Rac8 20. Ba2 Qxb2 21. Rb1 Qxc3 22. Rxb7 Qa1+ 23. Bb1 Rb8 24. Rb3 Rxb3 25. cxb3 Qxb1+ 26. Rd1 Qxb3 27. Rxd6 Qb1+ 28. Rd1 Qxe4 29. Qxa6 Qxf5 1-0

[Event "9th Bangabandhu Team Mixed 2021"]
[Site "Dhaka"]
[Date "2021.04.04"]
[Round "1.9"]
[White "Islam, Khandaker Aminul"]
[Black "Hossain, Delwar"]
[Result "*"]
[ECO "E01"]
[WhiteElo "2210"]
[BlackElo "2054"]
[Annotator "RC"]
[PlyCount "53"]
[EventDate "2021.04.04"]
[EventType "team-tourn"]
[EventCountry "BAN"]
[SourceTitle "playchess.com"]
[Source "ChessBase"]
[SourceQuality "1"]
[TimeControl "1500+10"]

1. d4 d5 2. Nf3 Nf6 3. g3 e6 4. Bg2 Bd6 5. c4 c6 6. Nc3 Nbd7 7. O-O O-O 8. b3 Re8 9. Bb2 b6 10. Nd2 Bb7 11. e4 dxe4 12. Ndxe4 Be7 13. Rc1 Rc8 14. Re1 Qc7 15. d5 exd5 16. cxd5 Nxe4 17. Nxe4 Bf8 18. Ng5 Ne5 19. Rxe5 Rxe5 20. Bxe5 Qxe5 21. Qh5 h6 22. Qxf7+ Kh8 23. Qxb7 Qxg5 24. Qxc8 Qxc1+ 25. Bf1 Qc5 26. dxc6 Qd6 27. c7 *

[Event "9th Bangabandhu Team Mixed 2021"]
[Site "Dhaka"]
[Date "2021.04.04"]
[Round "1.10"]
[White "Mohammed Abdul, Malek"]
[Black "Mohammad Fahad, Rahman"]
[Result "0-1"]
[ECO "D02"]
[WhiteElo "2125"]
[BlackElo "2321"]
[Annotator "RC"]
[PlyCount "110"]
[EventDate "2021.04.04"]
[EventType "team-tourn"]
[EventCountry "BAN"]
[SourceTitle "playchess.com"]
[Source "ChessBase"]
[SourceQuality "1"]
[TimeControl "1500+10"]

1. d4 d5 2. Nf3 Nf6 3. Bf4 c5 4. e3 Nc6 5. c3 Qb6 6. Qc1 Bf5 7. dxc5 Qxc5 8. Nbd2 Rc8 9. Be2 g6 10. O-O Bg7 11. Nb3 Qb6 12. Nbd4 Bd7 13. Ne5 O-O 14. Bf3 Rfd8 15. Rd1 Be8 16. Qc2 Nd7 17. Nxd7 Bxd7 18. Qb3 e5 19. Nxc6 bxc6 20. Bg5 Re8 21. e4 d4 22. Be2 Be6 23. Qc2 c5 24. c4 Rb8 25. b3 Bd7 26. Bd3 Bf6 27. Qd2 Bxg5 28. Qxg5 Kg7 29. h4 Qf6 30. f3 a5 31. Kf2 Rb4 32. Rab1 Ra8 33. Qxf6+ Kxf6 34. a4 h5 35. Ke2 Kg7 36. Kd2 Rab8 37. Kc2 R4b6 38. Rh1 f5 39. Rhe1 f4 40. Rh1 Kh6 41. Be2 g5 42. hxg5+ Kxg5 43. Bd3 Bxa4 44. bxa4 Rxb1 45. Rxb1 Rxb1 46. Kxb1 Kh4 47. g4 fxg3 48. Bf1 Kg5 49. Kc2 Kf4 50. Bg2 h4 51. Kd2 h3 52. Bxh3 Kxf3 53. Ke1 g2 54. Bxg2+ Kxg2 55. Ke2 Kg3 0-1

[Event "9th Bangabandhu Team Mixed 2021"]
[Site "Dhaka"]
[Date "2021.04.04"]
[Round "1.11"]
[White "Subrota, Biswas"]
[Black "ariful, Amin"]
[Result "*"]
[ECO "A43"]
[WhiteElo "2256"]
[BlackElo "1946"]
[Annotator "ChessBase"]
[PlyCount "101"]
[EventDate "2021.04.04"]
[EventType "team-tourn"]
[EventCountry "BAN"]
[SourceTitle "playchess.com"]
[Source "ChessBase"]
[SourceQuality "1"]
[TimeControl "1500+10"]

1. d4 Nf6 2. Nf3 c5 3. d5 g6 4. Nc3 Bg7 5. e4 d6 6. Nd2 a6 7. a4 O-O 8. Be2 e6 9. O-O exd5 10. exd5 Re8 11. Nc4 Ne4 12. Nxe4 Rxe4 13. c3 Qc7 14. Bd3 Re8 15. Bf4 Bf8 16. Qf3 Nd7 17. Qg3 Ne5 18. Rfe1 f6 19. Bxe5 fxe5 20. f4 exf4 21. Qxf4 Qf7 22. Qg3 Rxe1+ 23. Rxe1 Bf5 24. Bxf5 Qxf5 25. Rf1 Qe4 26. Nb6 Re8 27. Nd7 Bg7 28. Qxd6 Qe3+ 29. Kh1 Qe2 30. Qf4 Qe7 31. Nb6 Rf8 32. Qc4 Rxf1+ 33. Qxf1 Be5 34. Qe1 Qg5 35. Nc4 Bxh2 36. Kxh2 Qf4+ 37. Kg1 Qxc4 38. Qe8+ Kg7 39. d6 Qf4 40. d7 Qc1+ 41. Kf2 Qf4+ 42. Ke2 Qg4+ 43. Ke1 Qh4+ 44. Kd2 Qf2+ 45. Kd3 Qf1+ 46. Kc2 Qxg2+ 47. Kb3 Qd5+ 48. Ka3 b5 49. axb5 axb5 50. d8=Q b4+ 51. Ka4 *

[Event "9th Bangabandhu Team Mixed 2021"]
[Site "Dhaka"]
[Date "2021.04.04"]
[Round "1.11"]
[White "Zia, Tahsin Tajwar"]
[Black "Mohammed, Kutubuddin"]
[Result "1-0"]
[ECO "A43"]
[WhiteElo "2170"]
[BlackElo "2057"]
[Annotator "NA"]
[PlyCount "101"]
[EventDate "2021.04.04"]
[EventType "team-tourn"]
[EventCountry "BAN"]
[SourceTitle "playchess.com"]
[Source "ChessBase"]
[SourceQuality "1"]
[TimeControl "1500+10"]

1. d4 Nf6 2. Nf3 c5 3. d5 g6 4. Nc3 Bg7 5. e4 d6 6. Nd2 a6 7. a4 O-O 8. Be2 e6 9. O-O exd5 10. exd5 Re8 11. Nc4 Ne4 12. Nxe4 Rxe4 13. c3 Qc7 14. Bd3 Re8 15. Bf4 Bf8 16. Qf3 Nd7 17. Qg3 Ne5 18. Rfe1 f6 19. Bxe5 fxe5 20. f4 exf4 21. Qxf4 Qf7 22. Qg3 Rxe1+ 23. Rxe1 Bf5 24. Bxf5 Qxf5 25. Rf1 Qe4 26. Nb6 Re8 27. Nd7 Bg7 28. Qxd6 Qe3+ 29. Kh1 $2 (29. Rf2 $11) 29... Qe2 30. Qf4 Qe7 31. Nb6 Rf8 32. Qc4 Rxf1+ 33. Qxf1 Be5 34. Qe1 Qg5 35. Nc4 Bxh2 $2 36. Kxh2 Qf4+ (36... Qxd5 $142 37. Qe8+ Kg7 38. Qe7+ Qf7 39. Qxc5 h5 40. Qd4+ Kh7) 37. Kg1 Qxc4 38. Qe8+ Kg7 39. d6 Qf4 40. d7 Qc1+ 41. Kf2 Qf4+ 42. Ke2 Qg4+ 43. Ke1 Qh4+ 44. Kd2 Qf2+ 45. Kd3 Qf1+ 46. Kc2 Qxg2+ 47. Kb3 Qd5+ 48. Ka3 b5 49. axb5 axb5 50. d8=Q b4+ 51. Ka4 1-0

[Event "9th Bangabandhu Team Mixed 2021"]
[Site "Dhaka"]
[Date "2021.04.04"]
[Round "1.12"]
[White "Parveen, Tanima"]
[Black "Sultana, Sharmin Shirin"]
[Result "1/2-1/2"]
[ECO "B22"]
[WhiteElo "1984"]
[BlackElo "2006"]
[Annotator "NA"]
[PlyCount "34"]
[EventDate "2021.04.04"]
[EventType "team-tourn"]
[EventCountry "BAN"]
[SourceTitle "playchess.com"]
[Source "ChessBase"]
[SourceQuality "1"]
[TimeControl "1500+10"]

1. e4 c5 2. c3 d5 3. exd5 Qxd5 4. d4 e6 5. Nf3 Nf6 6. Be2 Nc6 7. O-O cxd4 8. cxd4 Be7 9. Nc3 Qd6 10. h3 O-O 11. a3 b6 12. Be3 Bb7 13. Rc1 Rac8 14. b4 Rfd8 15. Qb3 h6 16. Rfd1 Qb8 17. Bc4 Bd6 1/2-1/2

[Event "9th Bangabandhu Team Mixed 2021"]
[Site "Dhaka"]
[Date "2021.04.04"]
[Round "1.12"]
[White "Afrin Jahan, Munia"]
[Black "Noshin, Anjum"]
[Result "*"]
[ECO "B22"]
[WhiteElo "1647"]
[BlackElo "1912"]
[Annotator "NA RC"]
[PlyCount "33"]
[EventDate "2021.04.04"]
[EventType "team-tourn"]
[EventCountry "BAN"]
[SourceTitle "playchess.com"]
[Source "ChessBase"]
[SourceQuality "1"]
[TimeControl "1500+10"]

1. e4 c5 2. c3 d5 3. exd5 Qxd5 4. d4 e6 5. Nf3 Nf6 6. Be2 Nc6 7. O-O cxd4 8. cxd4 Be7 9. Nc3 Qd6 10. h3 O-O 11. a3 b6 12. Be3 Bb7 13. Rc1 Rac8 14. b4 Rfd8 15. Qb3 h6 16. Rfd1 Qb8 17. Bc4 *

[Event "9th Bangabandhu Team Mixed 2021"]
[Site "Dhaka"]
[Date "2021.04.07"]
[Round "4.8"]
[White "Nusrat Jahan, Alo"]
[Black "Kazi Zarin, Tasnim"]
[Result "0-1"]
[ECO "D10"]
[WhiteElo "1712"]
[BlackElo "1790"]
[Annotator "NA RC"]
[PlyCount "138"]
[EventDate "2021.04.04"]
[EventType "team-tourn"]
[EventCountry "BAN"]
[SourceTitle "playchess.com"]
[Source "ChessBase"]
[SourceQuality "1"]
[TimeControl "5400+30"]

1. d4 Nf6 2. Bf4 c6 3. c4 d5 4. e3 e6 5. a3 Nbd7 6. Nf3 Be7 7. Bd3 dxc4 8. Bxc4 b5 9. Be2 a6 10. Nc3 Bb7 11. O-O c5 12. dxc5 Nxc5 13. Qc2 O-O 14. Rfd1 Qb6 15. Rac1 Rac8 16. Nd4 Nce4 17. Qb3 Nxc3 18. Rxc3 Bd5 19. Qc2 Qb7 20. f3 Nh5 21. Bg3 Rxc3 22. Qxc3 Nxg3 23. hxg3 Rc8 24. Qd2 Bc5 25. Kh2 Qb6 26. e4 Bb7 27. Nb3 Be7 28. Qd7 Qc7 29. Na5 Ba8 30. Qxc7 Rxc7 31. Nb3 g6 32. Rc1 Rxc1 33. Nxc1 Bf6 34. Nd3 Bd4 35. b3 f5 36. exf5 exf5 37. Nb4 Bb7 38. a4 bxa4 39. bxa4 a5 40. Nc2 Bc5 41. Bb5 Kf7 42. Kh3 Ke6 43. g4 f4 44. g3 g5 45. gxf4 gxf4 46. Ne1 Bf2 47. Nd3 Be3 48. Nb2 Bd2 49. Nc4 Bc3 50. Kg2 Kd5 51. Na3 Bc6 52. Bd3 h6 53. Nb5 Bd2 54. Nc7+ Kd4 55. Bc2 Kc3 56. Bd1 Kb4 57. Na6+ Ka3 58. Nc5 Be3 59. Nb3 Bb6 60. Nd2 Kb4 61. Kf1 Bxa4 62. Bxa4 Kxa4 63. Ke1 Kb4 64. Kd1 Kc3 65. Nb1+ Kd3 66. Na3 Be3 67. Nc2 Bc5 68. Na1 Ke3 69. Nb3 Bb4 0-1

[Event "9th Bangabandhu Team Mixed 2021"]
[Site "Dhaka"]
[Date "2021.04.08"]
[Round "5.8"]
[White "Sultana, Zakia"]
[Black "Kazi Zarin, Tasnim"]
[Result "0-1"]
[ECO "A46"]
[WhiteElo "1786"]
[BlackElo "1790"]
[Annotator "NA RC"]
[PlyCount "104"]
[EventDate "2021.04.04"]
[EventType "team-tourn"]
[EventCountry "BAN"]
[SourceTitle "playchess.com"]
[Source "ChessBase"]
[SourceQuality "1"]
[TimeControl "5400+30"]

1. d4 Nf6 2. Nf3 c6 3. c3 d6 4. Bf4 Qb6 5. Qc1 Bf5 6. Nbd2 h6 7. h3 Nbd7 8. e3 g5 9. Bh2 Bg7 10. Be2 Bg6 11. Bc4 Qc7 12. a4 O-O 13. O-O c5 14. Re1 Nb6 15. Bf1 a6 16. a5 Nbd7 17. Qd1 Qc6 18. Qb3 Ne4 19. Nxe4 Bxe4 20. Nd2 Bg6 21. Be2 d5 22. dxc5 Nxc5 23. Qa3 e5 24. Red1 Rad8 25. Nf3 Rfe8 26. Rac1 Kh7 27. b4 Ne4 28. Qb3 f5 29. b5 Qe6 30. c4 d4 31. bxa6 bxa6 32. exd4 exd4 33. Bd3 Nc5 34. Qb6 Nxd3 35. Rxd3 f4 36. Rdd1 Rd6 37. Qb4 d3 38. c5 Rc6 39. Kh1 Rd8 40. Re1 Qd5 41. Nd2 Rdc8 42. Re7 Rxc5 43. Rxc5 Qxc5 44. Qb7 Rg8 45. Ne4 Bxe4 46. Qxe4+ Kh8 47. Bg1 Rd8 48. f3 Qd6 49. Qb7 Qf6 50. Rf7 Qxf7 51. Qxf7 d2 52. h4 d1=Q 0-1